 Dungeon Crawl Stone Soup version 0.18-a0-1312-gf98331d (webtiles) character file.

210 Oddball22 the Insei (level 5, -2/25 HPs)
             Began as a Vine Stalker Transmuter on Feb 14, 2016.
             Slain by Grinder (5 damage)
             ... on level 4 of the Dungeon.
             The game lasted 00:07:16 (2297 turns).

Oddball22 the Insei (Vine Stalker Transmuter)       Turns: 2297, Time: 00:07:16

Health: -2/25      AC:  5    Str: 10 (13) XL:     5   Next: 87%
Magic:  0/9        EV: 13    Int: 10 (13) God:
Gold:   218        SH:  0    Dex: 14 (15) Spells: 3 memorised, 2 levels left

rFire  . . .     SeeInvis .       - Unarmed
rCold  . . .     Gourm    .     b - +0 robe
rNeg   . . .     Faith    .     (no shield)
rPois  .         Spirit   +     (no helmet)
rElec  .         Dismiss  .     n - +0 cloak (curse)
rCorr  .         Reflect  .     (no gloves)
SustAt .         Harm     .     (no boots)
MR     .....                    (no amulet)
Stlth  +.........               (no ring)
                                (no ring)

@: flying, not resistant to hostile enchantments, very unstealthy
A: fangs 2, yellow scales 1, regeneration 1, magic shield, antimagic bite, no
device heal 3, rot immunity
a: no special abilities


You were on level 4 of the Dungeon.
You were hungry.

You visited 1 branch of the dungeon, and saw 5 of its levels.

You collected 218 gold pieces.

Inventory:

Missiles
 a - 78 arrows
 e - 25 bolts
 t - 3 javelins (quivered)
Armour
 b - a +0 robe (worn)
 n - a cursed +0 cloak (worn)
 o - a +1 leather armour
 u - the +2 ring mail "Nacyiref" {Str+4, unknown}
   (You found it on level 4 of the Dungeon)

   It affects your strength (+4).
Jewellery
 r - an uncursed ring of resist corrosion {unknown}
Scrolls
 g - 2 scrolls of remove curse
 i - 2 scrolls of teleportation
 q - a scroll of identify
Potions
 j - a potion of curing
 s - 2 potions of berserk rage {unknown}
 x - a potion of invisibility {unknown}
Books
 c - a book of Changes

   Spells                             Type                      Level
   a - Beastly Appendage              Transmutation                1
   b - Sticks to Snakes               Transmutation                2
   c - Spider Form                    Transmutation/Poison         3
   d - Ice Form                       Ice/Transmutation            4
   e - Blade Hands                    Transmutation                5
Comestibles
 d - 4 bread rations
 f - a slice of pizza
 k - 2 meat rations
 v - a chunk of flesh
 w - a beef jerky


   Skills:
 - Level 0.8 Fighting
 + Level 2.8 Dodging
 * Level 5.6 Unarmed Combat
 - Level 2.1 Spellcasting
 - Level 2.0 Transmutations


You had 2 spell levels left.
You knew the following spells:

 Your Spells              Type           Power        Failure   Level  Hunger
a - Beastly Appendage     Trmt           #.....       14%         1    ##.....
b - Sticks to Snakes      Trmt           #.......     21%         2    ###....
c - Spider Form           Trmt/Pois      #.........   65%         3    ####...


Dungeon Overview and Level Annotations

Branches:
Dungeon (5/15)
 Temple: D:4-7

Altars:
Cheibriados
The Shining One

Shops:
D:4 :

Annotations:
D:4 Grinder, Menkaure


Innate Abilities, Weirdness & Mutations

You have extremely sharp teeth.
Your natural rate of healing is unusually fast.
When hurt, damage is shared between your health and your magic reserves.
Your bite disrupts and absorbs the magic of your enemies.
Potions and wands cannot restore your health.
You are immune to rotting.
You are partially covered in yellow scales (AC +2).


Message History

It was a potion of curing.
That felt strangely inert.
The gnoll closely misses you.
Drink which item? (? for menu, Esc to quit)
It was a potion of heal wounds.
That seemed strangely inert.
Grinder gestures.
Grinder blinks!
The gnoll hits you with a whip.
* * * LOW HITPOINT WARNING * * *
Drink which item? (? for menu, Esc to quit)
It was a potion of beneficial mutation.
Yellow scales grow over part of your body.
You feel fantastic!
Grinder gestures.
Grinder blinks!
Drink which item? (? for menu, Esc to quit)
It was a potion of flight.
You feel very buoyant.
You fly up into the air.
Grinder hits you.
* * * LOW HITPOINT WARNING * * *
The gnoll throws a stone.
The stone barely misses you. Grinder hits you.
You die...

############
...........#
.###.#.###.#######
.###.#(###...gg.5#
.......(##.#####@####
.###.#.(##.#!.......#
§###.#..§....#.#.##.#
.............#...##.#
##########.#####.##.#
# #...#...##.# # ####
###.#.#.##.# # ....
#........# .....
#####.####


You could see Grinder and 2 gnolls.

Vanquished Creatures
  An orc priest (D:5)
  A giant frog skeleton (D:4)
  2 hounds (D:4)
  3 adders
  An adder zombie (D:5)
  4 giant geckos
  3 orcs
  3 ball pythons
  6 giant cockroaches
  3 goblins
  4 hobgoblins
  4 jackals (D:2)
  A quokka (D:4)
  7 bats
  3 giant newts
  A jackal skeleton (D:4)
  4 kobolds
  7 rats
58 creatures vanquished.

Notes
Turn   | Place    | Note
--------------------------------------------------------------
     0 | D:1      | Oddball22 the Vine Stalker Transmuter began the quest for the Orb.
     0 | D:1      | Reached XP level 1. HP: 9/9 MP: 4/4
    77 | D:1      | Reached XP level 2. HP: 14/14 MP: 6/6
   119 | D:1      | Learned a level 2 spell: Sticks to Snakes
   471 | D:1      | Reached XP level 3. HP: 17/17 MP: 7/7
   720 | D:2      | Reached skill level 4 in Unarmed Combat
  1098 | D:2      | Learned a level 3 spell: Spider Form
  1352 | D:3      | Reached XP level 4. HP: 21/21 MP: 6/8
  1593 | D:3      | Found a glowing golden altar of the Shining One.
  1735 | D:4      | Found a snail-covered altar of Cheibriados.
  1768 | D:4      | Got a warped ring mail
  1815 | D:4      | Found Uroiz's Book Boutique.
  1887 | D:4      | Noticed Menkaure
  1921 | D:4      | Reached skill level 5 in Unarmed Combat
  1921 | D:4      | Reached XP level 5. HP: 10/25 MP: 3/9
  1923 | D:5      | Entered Level 5 of the Dungeon
  2160 | D:5      | Noticed an orc warrior
  2212 | D:4      | Noticed Grinder
  2295 | D:4      | Gained mutation: You are partially covered in yellow scales (AC +2). [potion of beneficial mutation]
  2297 | D:4      | Slain by Grinder

Vault maps used:
D:1:      shiori_arrival_maze
D:2:      nrook_mini_vaults, hex_intersection
D:3:      overflow_temple_1_default, first_bread
D:4:      cheibriados_altar_1, minmay_temple_entry_enclosed_plants,
          serial_shops, nicolae_shop_behind_doors, uniq_edmund, uniq_grinder,
          uniq_duvessa, uniq_menkaure
D:5:      guppyfry_early_orc_mine, uniq_pikel

Action                   |  1- 3 |  4- 6 || total
-------------------------+-------+-------++-------
Melee: Unarmed           |   127 |    82 ||   209
 Cast: Beastly Appendage |    18 |     5 ||    23
       Spider Form       |       |     2 ||     2
  Use: Scroll            |     5 |       ||     5
       Potion            |       |     5 ||     5
 Stab: Sleeping          |     2 |       ||     2
  Eat: Chunk             |     2 |     3 ||     5
